 Dungeon Crawl Stone Soup version 0.31.0-11-ge490571c62 (webtiles) character file.

Game seed: 14055602105070822908

15 qw the Shooter (level 2, 0/14 HPs)
             Began as a Spriggan Hunter on Feb 4, 2024.
             Slain by a gnoll
             ... wielding a +0 spear
              (5 damage)
             ... on level 2 of the Dungeon.
             The game lasted 00:00:01 (869 turns).

qw the Shooter (Spriggan Hunter)                     Turns: 869, Time: 00:00:02

Health: 0/14       AC:  2    Str:  7    XL:     2   Next: 34%
Magic:  3/3        EV: 19    Int: 10    God:
Gold:   22         SH:  0    Dex: 18    Spells: 1/1 levels left

rFire   . . .        a - +1 shortbow
rCold   . . .        (shield currently unavailable)
rNeg    . . .        c - +0 robe
rPois   .            (helmet restricted)
rElec   .            (no cloak)
rCorr   .            (gloves unavailable)
SInv    +            (boots unavailable)
Will    .....        (no amulet)
Stlth   ++           (no ring)
HPRegen 0.22/turn    (no ring)
MPRegen 0.08/turn

%: no passive effects
@: very quick
A: very small, no large weapons, unfitting armour, see invisible, speed 3
a: no special abilities


You were on level 2 of the Dungeon.
You visited 1 branch of the dungeon, and saw 2 of its levels.

You collected 22 gold pieces.


Innate Abilities, Weirdness & Mutations

You are very small and have problems with some larger weapons.
You are too small for most types of armour.
You have supernaturally acute eyesight. (SInv)
You cover ground extremely quickly. (Speed+++)


   Skills:
 - Level 1.5 Fighting
 + Level 4.0 Ranged Weapons
 - Level 4.0 Dodging
 - Level 1.5 Stealth


You had one spell level left.
You didn't know any spells.
Your spell library was empty.

Inventory:

Hand Weapons
 a - a +1 shortbow (weapon)
Armour
 c - a +0 robe (worn)
Potions
 d - a potion of mutation {unknown}
 e - a potion of magic {unknown}

Dungeon Overview and Level Annotations

Branches:
Dungeon (2/15)

Altars:


Message History

780 ||| DROPPING scroll of butterflies.
You drop a scroll of butterflies.
Done exploring.
What level of the Dungeon? (default 1, ? - help)
You see here a +0 robe.
There is an open door here.
There is a stone staircase leading down here.
You climb downwards.
The jackal barks!
The gnoll shouts! x3; The jackal barks!
Found a stone staircase leading down.
There is a stone staircase leading up here.
There are monsters nearby!
Waypoint 1 assigned to D:2.
861 ||| RETREEEEATING.
862 ||| RETREEEEATING.
You shoot an arrow. The arrow hits the gnoll.
The gnoll is moderately wounded.
The gnoll closely misses you.
864 ||| RETREEEEATING.
The gnoll hits you from afar with a +0 spear.
You shoot an arrow. The arrow barely misses the jackal.
The arrow hits the jackal.
The jackal is almost dead.
The jackal misses you. The gnoll closely misses you.
You shoot an arrow.
The arrow hits the jackal but does no damage.
The jackal closely misses you. The jackal barely misses you.
The gnoll closely misses you. The jackal misses you.
867 ||| RETREEEEATING.
The jackal completely misses you. The jackal barely misses you.
The gnoll misses you. The gnoll barely misses you.
You shoot an arrow. The arrow barely misses the jackal.
The arrow completely misses the gnoll.
The jackal completely misses you. The jackal closely misses you.
The gnoll hits you from afar with a +0 spear.
The gnoll barely misses you. The gnoll misses you.
The jackal closely misses you.
You shoot an arrow. The arrow hits the jackal.
You kill the jackal!
The jackal completely misses you.
The gnoll hits you from afar with a +0 spear.
You die...

#######
#.@...#
##h%g..##
#..gg...##
#.<........
#....>..##.
##.....##
#.....#
#.....#
###.###


You could see 3 gnolls and a jackal.

Vanquished Creatures
  A dart slug (D:1)
  An endoplasm (D:1)
  A goblin (D:1)
  3 hobgoblins (D:1)
  A jackal (D:2)
  2 kobolds (D:1)
  A ball python (D:1)
  2 bats (D:1)
  2 rats (D:1)
14 creatures vanquished.

Notes
Turn   | Place    | Note
-------+----------+-------------------------------------------
     0 | D:1      | qw the Spriggan Hunter began the quest for the Orb.
     0 | D:1      | Reached XP level 1. HP: 10/10 MP: 2/2
     0 | D:1      | 0 ||| qw: Version: 0.3-a-160-g6735b56
     0 | D:1      | 0 ||| qw: Game counter: 5292
     0 | D:1      | 0 ||| qw: Melee chars always use a shield: true
     0 | D:1      | 0 ||| qw: God list: Okawaru
     0 | D:1      | 0 ||| qw: Allow faded altars: false
     0 | D:1      | 0 ||| qw: Do Orc after clearing Dungeon:15 true
     0 | D:1      | 0 ||| qw: Do second Lair branch before Depths: true
     0 | D:1      | 0 ||| qw: Lair rune preference: random
     0 | D:1      | 0 ||| qw: Goals: Normal
     0 | D:1      | 0 ||| PLANNING D:1-11
    63 | D:1      | Reached skill level 3 in Dodging
   210 | D:1      | Reached XP level 2. HP: 13/14 MP: 3/3
   779 | D:1      | 779 ||| READING scroll labelled ORGHON JU BYGU.
   779 | D:1      | 779 ||| ENCHANTING +0 shortbow.
   780 | D:1      | 780 ||| DROPPING scroll of butterflies.
   861 | D:2      | 861 ||| RETREEEEATING.
   862 | D:2      | 862 ||| RETREEEEATING.
   864 | D:2      | 864 ||| RETREEEEATING.
   867 | D:2      | 867 ||| RETREEEEATING.
   869 | D:2      | Slain by a gnoll

Levels and vault maps discovered:
D:1:      psy_arrival_radial01, layout_basic
D:2:      minmay_door_path, layout_loops_corners, basic_altar

Skill      XL: |  1  2 |
---------------+-------+-----
Dodging        | 3 4 |  4.0
Fighting       | |  1.5
Ranged Weapons | |  4.0
Stealth        | |  1.5

Action                     || total
---------------------------++-------
   Fire: Shortbow          ||    32
    Use: Scroll            ||     1
 Armour: Robe              ||     9
  Dodge: Dodged            ||    36

Table legend:
 A = Non-vault XP
 B = Vault XP
 C = Vault XP percentage of total XP
 D = Non-vault monster count
 E = Vault monster count
 F = Vault count percentage of total count
                 A         B        C        D         E       F
            +---------+---------+-------+---------+---------+-------
      Total |      24 |       0 |   0.0 |      14 |       0 |   0.0
            +---------+---------+-------+---------+---------+-------
        D:1 |      22 |       0 |   0.0 |      13 |       0 |   0.0
        D:2 |       2 |       0 |   0.0 |       1 |       0 |   0.0
            +---------+---------+-------+---------+---------+-------
